 Dungeon Crawl Stone Soup version 0.29-a0-243-g602b31c20e (webtiles) character file.

Game seed: 3296811354865432307

144 sammy202020 the Skirmisher (level 5, -3/66 HPs)
             Began as a Palentonga Berserker on Mar 5, 2022.
             Was a Believer of Trog.
             Slain by an iguana (7 damage)
             ... on level 4 of the Dungeon.
             The game lasted 00:06:29 (2916 turns).

sammy202020 the Skirmisher (Palentonga Berserker)   Turns: 2916, Time: 00:06:29

Health: -3/66      AC:  7    Str: 21    XL:     5   Next: 5%
Magic:  5/5        EV:  4    Int: 15    God:    Trog [**....]
Gold:   169        SH: 11    Dex:  9    Spells: 4/4 levels left

rFire   . . .      SeeInvis +   a - +0 mace
rCold   . . .      Faith    .   b - +0 kite shield
rNeg    . . .      Spirit   .   k - +0 chain mail
rPois   .          Reflect  +   (no helmet)
rElec   .          Harm     .   (no cloak)
rCorr   .          Rampage  .   (no gloves)
Will    .....                   (no barding)
Stlth   ..........              o - amulet of reflection
HPRegen 0.21/turn               p - +6 ring of intelligence
MPRegen 0.09/turn               (no ring)

@: berserking, very quick
A: large, rugged brown scales 3, see invisible, deformed body, roll 1, armoured
tail
a: Rolling Charge, Renounce Religion, Berserk, Trog's Hand


You were on level 4 of the Dungeon.
You worshipped Trog.
Trog was pleased with you.
You visited 1 branch of the dungeon, and saw 4 of its levels.

You collected 169 gold pieces.

Inventory:

Hand Weapons
 a - a +0 mace (weapon)
Missiles
 h - 17 poisoned darts
Armour
 b - a +0 kite shield (worn)
 k - a +0 chain mail (worn)
Jewellery
 e - a ring of ice
 i - an amulet of magic regeneration
 o - an amulet of reflection (around neck)
 p - a +6 ring of intelligence (left hand)
Wands
 l - a wand of polymorph (8)
 m - a wand of digging (9)
 n - a wand of paralysis (10)
Scrolls
 g - a scroll of teleportation
Potions
 c - a potion of invisibility
 d - a potion of haste
 f - a potion of flight
 j - 2 potions of ambrosia {unknown}


   Skills:
 + Level 3.7 Fighting
 + Level 3.7 Maces & Flails
 + Level 2.4 Armour
 + Level 2.4 Dodging
 + Level 1.2 Shields


You had 4 spell levels left.
You didn't know any spells.
Your spell library was empty.

Dungeon Overview and Level Annotations

Branches:
Dungeon (4/15)             Temple (0/1) D:4

Altars:


Innate Abilities, Weirdness & Mutations

You are completely covered in rugged brown scales. (AC +3, +7% HP)
You have supernaturally acute eyesight. (SInv)
Armour fits poorly on your strangely shaped body.
You can roll at nearby foes to attack.
You have a long armoured tail.


Message History

The iguana bites you but does no damage.
You hit the iguana but do no damage.
The iguana is moderately wounded.
The iguana barely misses you.
You hit the iguana but do no damage. You tail-slap the iguana.
The iguana is heavily wounded.
The iguana bites you!
You are too injured to fight recklessly!
You are too injured to fight recklessly!
You are too injured to fight recklessly!
You are too injured to fight recklessly!
You closely miss the iguana.
The iguana is heavily wounded.
You block the iguana's attack. x2
You sock the iguana!
You kill the iguana!
Trog accepts your kill.
You have reached level 5!
An iguana comes into view.
There's nothing you can charge at!
You see here a staff of conjuration.
The iguana hisses angrily.
The iguana completely misses you.
You barely miss the iguana. The iguana bites you. The iguana bites you!
* * * LOW HITPOINT WARNING * * *
A red film seems to cover your vision as you go berserk!
You feel yourself moving faster!
You feel mighty! You block the iguana's attack.
You hit the iguana.
The iguana is lightly wounded.
The iguana bites you!
* * * LOW HITPOINT WARNING * * *
You barely miss the iguana. You tail-slap the iguana.
The iguana is moderately wounded.
The iguana bites you.
* * * LOW HITPOINT WARNING * * *
You sock the iguana!
The iguana is almost dead.
The iguana bites you!
You die...

,,* ###..#* #..##..#*
*,****#.....* ##......#
*,,,,,......###.......### ###
*,,******##.........##..####.#
,,,,**####....##....#*#...#..##
,**,,,........###...# #.......#
,*****......#..###..###.......#
,*****.....##...###..#........#
,,,,,,....###..l@##....#..#..##
,,,,,*#...*#..##.....##..###..#
,,,***...,#†...##|...##..# #..###
,,,**,.........#...#.##### ##..##
,,,,,,............#### ####....
*****l............#** ##.#.##..
,,,,*.......#.......#####..(####<
,,,,*###....###............## ##
,,,,* #....**#....####...## #


You could see an iguana.

Vanquished Creatures
  A hound (D:4)
  An iguana (D:4)
  2 adders (D:4)
  A worm (D:2)
  2 dart slugs (D:2)
  An orc (D:3)
  7 bats
  3 endoplasms
  A giant cockroach (D:3)
  3 goblins
  6 hobgoblins
  3 jackals
  10 kobolds
  4 quokkas (D:1)
  4 ball pythons
  4 frilled lizards
  7 rats
60 creatures vanquished.

Notes
Turn   | Place    | Note
-------+----------+-------------------------------------------
     0 | D:1      | sammy202020 the Palentonga Berserker began the quest for
                  | the Orb.
     0 | D:1      | Reached XP level 1. HP: 19/19 MP: 1/1
   148 | D:1      | Reached XP level 2. HP: 22/25 MP: 2/2
  1005 | D:1      | Reached XP level 3. HP: 31/31 MP: 3/3
  1325 | D:2      | Reached ** piety under Trog
  2407 | D:3      | Found a faded altar of an unknown god.
  2517 | D:3      | Reached XP level 4. HP: 37/37 MP: 4/4
  2814 | D:4      | Reached skill level 1 in Shields
  2878 | D:4      | Reached XP level 5. HP: 19/44 MP: 5/5
  2916 | D:4      | Slain by an iguana

Illustrated notes

Levels and vault maps discovered:
D:1:      dpeg_arrival_fog, layout_loops_ring
D:2:      layout_rooms, minmay_circled_x
D:3:      layout_loops_ring, basic_ecumenical_altar
D:4:      layout_layer_cave, lemuel_temple_firewalk_b

Skill      XL: |  1  2  3  4 |
---------------+-------------+-----
Armour         | 2 |  2.4
Dodging        | 2 |  2.4
Shields        | 1 |  1.2
Fighting       | |  3.7
Maces & Flails | |  3.7

Action                   |  1- 3 |  4- 6 || total
-------------------------+-------+-------++-------
Melee: Mace              |   128 |    33 ||   161
       Tailslap          |    15 |     4 ||    19
Invok: Berserk           |     1 |     1 ||     2
 Abil: Rolling Charge    |    18 |     1 ||    19
  Use: Scroll            |     3 |     4 ||     7
Armor: Leather armour    |    33 |       ||    33
       Animal skin       |     1 |       ||     1
       Chain mail        |    21 |    13 ||    34
Dodge: Dodged            |    47 |     5 ||    52
Block: Kite shield       |    24 |    19 ||    43
       Reflection        |     1 |       ||     1

Table legend: (Time is in decaauts)
 A = Elapsed time spent in this place.
 B = Non-inter-level travel time spent in this place.
 C = Inter-level travel time spent in this place.
 D = Time resting spent in this place.
 E = Time spent auto-exploring this place.
 F = Levels seen in this place.
 G = Mean time per level.
                   A        B        C        D        E       F      G
               +--------+--------+--------+--------+--------+-----+--------+
         Total |   2979 |   2828 |    151 |      0 |   2230 |   4 |  744.8 |
       Dungeon |   2979 |   2828 |    151 |      0 |   2230 |   4 |  744.8 |
               +--------+--------+--------+--------+--------+-----+--------+

Top non-repeatable levels by time:
     D:1: 1325 daAuts
     D:3: 761 daAuts
     D:2: 644 daAuts
     D:4: 247 daAuts
